 Dungeon Crawl Stone Soup version 0.29-a0-323-g050149af67 (webtiles) character file.

Game seed: 12153523682234594678

14 kae the Gusty (level 2, 0/24 HPs)
             Began as an Ogre Air Elementalist on Apr 11, 2022.
             Slain by a jackal (3 damage)
             ... on level 1 of the Dungeon.
             The game lasted 00:00:31 (620 turns).

kae the Gusty (Ogre Air Elementalist)                Turns: 620, Time: 00:00:31

Health: 0/24       AC:  4    Str: 17    XL:     2   Next: 45%
Magic:  2/5        EV:  9    Int: 16    God:
Gold:   40         SH:  0    Dex:  9    Spells: 3/6 levels left

rFire   . . .      SeeInvis .   l - +2 dagger (venom)
rCold   . . .      Faith    .   (no shield)
rNeg    . . .      Spirit   .   a - +0 robe
rPois   .          Reflect  .   (helmet restricted)
rElec   .          Harm     .   i - +0 cloak
rCorr   .          Rampage  .   (gloves unavailable)
Will    .....                   (boots unavailable)
Stlth   +.........              (no amulet)
HPRegen 0.08/turn               c - +6 ring of strength
MPRegen 0.09/turn               (no ring)

@: no status effects
A: large, unfitting armour, tough skin 1
a: no special abilities


You were on level 1 of the Dungeon.
You visited 1 branch of the dungeon, and saw 1 of its levels.

You collected 40 gold pieces.

Inventory:

Hand Weapons
 j - a +0 whip
 l - a +2 dagger of venom (weapon)
Armour
 a - a +0 robe (worn)
 i - a +0 cloak (worn)
Jewellery
 c - a +6 ring of strength (left hand)
 f - an amulet of guardian spirit
Scrolls
 k - a scroll of identify {unknown}
Potions
 b - a potion of magic
 d - 2 potions of degeneration {unknown}
 e - a potion of lignification {unknown}
 g - a potion of attraction {unknown}
 h - a potion of curing {unknown}


   Skills:
 - Level 1.7 Dodging
 - Level 1.4 Stealth
 + Level 2.7 Spellcasting
 + Level 1.2 Conjurations
 * Level 3.1 Air Magic


You had 3 spell levels left.
You knew the following spells:

 Your Spells              Type           Power      Damage    Failure   Level
a - Shock                 Conj/Air       36%        1d5       8%          1
b - Static Discharge      Conj/Air       9%         N/A       12%         2

Your spell library contained the following spells:

 Spells                   Type           Power      Damage    Failure   Level
 Swiftness                Air            12%        N/A       16%         3
 Airstrike                Air            6%         N/A       47%         4


Dungeon Overview and Level Annotations

Branches:
Dungeon (1/15)

Altars:


Innate Abilities, Weirdness & Mutations

You are too large for most types of armour.
You have tough skin. (AC +1)


Message History

The jackal is heavily wounded.
The jackal bites you. The jackal barely misses you.
Casting: Shock (safe; 8% risk of failure)
Confirm with . or Enter, or press ? or * to list all spells.
Aiming: Shock (safe; 8% risk of failure)
Press: ? - help, Shift-Dir - straight line The zap hits the jackal but does no damage.
The zap hits the jackal.
The jackal is lightly wounded.
The jackal closely misses you. The jackal bites you. x2
You are too injured to fight recklessly!
You are too injured to fight recklessly!
You are too injured to fight recklessly!
You are too injured to fight recklessly!
The jackal attacks as you move away! The jackal bites you.
The jackal attacks as you move away! The jackal bites you.
The jackal bites you.
The jackal bites you but does no damage.
Your magical contamination has completely faded away.
You hit the jackal.
The jackal is poisoned.
The jackal is heavily wounded.
The jackal bites you.
* * * LOW HITPOINT WARNING * * *
The jackal bites you but does no damage.
The jackal closely misses you.
The jackal bites you but does no damage.
You hit the jackal.
The jackal is severely wounded.
The jackal barely misses you. x2
You closely miss the jackal. Your punch misses the jackal.
The jackal is severely wounded.
The jackal bites you.
* * * LOW HITPOINT WARNING * * *
The jackal bites you.
* * * LOW HITPOINT WARNING * * *
The jackal bites you but does no damage.
You barely miss the jackal.
The jackal is heavily wounded.
The jackal bites you.
You die...

..........#.....##
................##
#######...##.....#
###########....##.....#
#..............##.###..
#..........###.##......
#......>...###.##......
######.h...............
#@######..........
#h†....# .###.....
###)....?## #.....
......# #..... ....#.#
#..... ......# #.....
......####>.### ......#
....##. #.##.###...##..


You could see 2 jackals.

Vanquished Creatures
  A ball python (D:1)
  2 endoplasms (D:1)
  A goblin (D:1)
  A hobgoblin (D:1)
  2 jackals (D:1)
  2 kobolds (D:1)
  A bat (D:1)
  2 frilled lizards (D:1)
12 creatures vanquished.

Notes
Turn   | Place    | Note
-------+----------+-------------------------------------------
     0 | D:1      | kae the Ogre Air Elementalist began the quest for the Orb.
     0 | D:1      | Reached XP level 1. HP: 16/16 MP: 3/3
    46 | D:1      | Reached skill level 1 in Conjurations
   423 | D:1      | Reached XP level 2. HP: 21/24 MP: 2/5
   428 | D:1      | Reached skill level 3 in Air Magic
   431 | D:1      | Learned a level 2 spell: Static Discharge
   620 | D:1      | Slain by a jackal

Illustrated notes

Levels and vault maps discovered:
D:1:      lightli_iron_boxes, layout_rooms,
          hellmonk_ecumenical_altar_prayer_group

Skill      XL: |  1  2 |
---------------+-------+-----
Conjurations   | 1 |  1.2
Air Magic      | 3 |  3.1
Dodging        | |  1.7
Stealth        | |  1.4
Spellcasting   | |  2.7

Action                   || total
-------------------------++-------
Melee: Unarmed           ||    14
       Dagger            ||    12
       Whip              ||     3
 Cast: Shock             ||    18
Armor: Robe              ||    20
Dodge: Dodged            ||    17

Table legend: (Time is in decaauts)
 A = Elapsed time spent in this place.
 B = Non-inter-level travel time spent in this place.
 C = Inter-level travel time spent in this place.
 D = Time resting spent in this place.
 E = Time spent auto-exploring this place.
 F = Levels seen in this place.
 G = Mean time per level.
                   A        B        C        D        E       F      G
               +--------+--------+--------+--------+--------+-----+--------+
         Total |    618 |    585 |     33 |      0 |    471 |   1 |  618.0 |
       Dungeon |    618 |    585 |     33 |      0 |    471 |   1 |  618.0 |
               +--------+--------+--------+--------+--------+-----+--------+

Top non-repeatable levels by time:
     D:1: 618 daAuts
